 Dungeon Crawl Stone Soup version 0.30-a0-1050-g2766ea1e55 (webtiles) character file.

Game seed: 6103120501391991566

95 Gynju the Covered (level 4, 0/41 HPs)
             Began as a Minotaur Fighter on Apr 5, 2023.
             Slain by a gnoll
             ... wielding a +0 heavy halberd
              (12 damage)
             ... on level 3 of the Dungeon on Apr 11, 2023.
             The game lasted 00:03:51 (1609 turns).

Gynju the Covered (Minotaur Fighter)                Turns: 1609, Time: 00:03:51

Health: 0/41       AC:  6    Str: 23    XL:     4   Next: 40%
Magic:  3/3        EV: 10    Int:  5    God:
Gold:   194        SH:  4    Dex:  9    Spells: 3/3 levels left

rFire   . . .      SeeInvis .    q - +0 mace (venom)
rCold   + . .      Faith    .    c - +0 buckler
rNeg    . . .      Spirit   .    i - +2 leather armour {rC+}
rPois   .          Reflect  .    (helmet restricted)
rElec   .          Rampage  .    (no cloak)
rCorr   .                        (no gloves)
Will    .....                    j - +0 pair of boots
Stlth   +                        (no amulet)
HPRegen 0.26/turn                (no ring)
MPRegen 0.08/turn                (no ring)

@: mighty
A: horns 2, retaliatory headbutt
a: no special abilities


You were on level 3 of the Dungeon.
You visited 1 branch of the dungeon, and saw 3 of its levels.

You collected 194 gold pieces.

Inventory:

Hand Weapons
 a - a +0 war axe
 q - a +0 mace of venom (weapon)
Missiles
 e - 2 poisoned darts (quivered)
Armour
 c - a +0 buckler (worn)
 i - a +2 leather armour of cold resistance (worn)
 j - a +0 pair of boots (worn)
Jewellery
 l - a ring of wizardry
Scrolls
 g - a scroll of enchant armour {unknown}
 h - 2 scrolls of identify {unknown}
 k - 2 scrolls of brand weapon {unknown}
 m - a scroll of teleportation {unknown}
 o - a scroll of noise {unknown}
Potions
 b - a potion of mutation {unknown}
 f - a potion of flight {unknown}
 n - a potion of cancellation {unknown}
 p - a potion of curing {unknown}


   Skills:
 + Level 4.4 Fighting
 - Level 3.4 Axes
 + Level 0.2(2.1) Maces & Flails
 + Level 4.4 Armour
 + Level 4.4 Shields


You had 3 spell levels left.
You didn't know any spells.
Your spell library contained the following spells:

 Spells                   Type           Power      Damage    Failure   Level
 Apportation              Tloc           0%         N/A       61%         1
 Kiss of Death            Conj/Necr      0%         2d5       61%         1
 Necrotise                Necr           0%         1d4       61%         1
 Summon Small Mammal      Summ           0%         N/A       61%         1
 Confusing Touch          Hex            0%         N/A       93%         3
 Dispel Undead            Necr           0%         3d6       100%        4


Dungeon Overview and Level Annotations

Branches:
Dungeon (3/15)

Altars:
Fedhas

Shops:
D:2 :


Innate Abilities, Weirdness & Mutations

You have a pair of horns on your head.
You reflexively headbutt those who attack you in melee.


Message History

You thump the orc!
You kill the orc!
The ball python closely misses you. The ball python grabs you.
The ball python constricts you. The gnoll hits you but does no damage.
The ball python barely misses you. The ball python constricts you.
You hit the ball python.
You kill the ball python!
A quokka comes into view.
The gnoll barely misses you.
The gnoll hits you from afar with a +0 heavy halberd!!
The gnoll hits you with a +0 spear.
* * * LOW HITPOINT WARNING * * *
You are too injured to fight recklessly!
You are too injured to fight recklessly!
You are too injured to fight recklessly!
You are too injured to fight recklessly!
You are too injured to fight recklessly!
You are too injured to fight recklessly!
You are too injured to fight recklessly!
You are too injured to fight recklessly!
You are too injured to fight recklessly!
You are too injured to fight recklessly!
You are too injured to fight recklessly!
You are too injured to fight recklessly!
You are too injured to fight recklessly!
You are too injured to fight recklessly!
You are too injured to fight recklessly!
You are too injured to fight recklessly!
You are too injured to fight recklessly!
You are too injured to fight recklessly!
You are too injured to fight recklessly!
You are too injured to fight recklessly!
You are too injured to fight recklessly!
You are too injured to fight recklessly!
You are too injured to fight recklessly!
You feel very mighty all of a sudden. The gnoll barely misses you.
The gnoll hits you from afar with a +0 heavy halberd!
You die...

.# .##. ......#.## ....
.........# ..# .......!.#
#... .........# ##
.........# ...
.........#####.. ....
......)).ggr.... ##..
......).@#### .. .
........$...# ##
......#+#...#
#######.....# ........+
#####...# #. ###...##..#
#.############.........#
P#.#......................


You could see 2 gnolls and a quokka.

Vanquished Creatures
  4 adders
  2 dart slugs (D:1)
  6 orcs (D:3)
  5 ball pythons
  5 endoplasms
  2 giant cockroaches (D:2)
  5 goblins
  5 hobgoblins
  A quokka (D:2)
  4 bats
  A frilled lizard (D:2)
  4 kobolds (D:2)
  5 rats
49 creatures vanquished.

Vanquished Creatures (others)
  2 plants (D:3)
2 creatures vanquished.

Grand Total: 51 creatures vanquished

Notes
Turn   | Place    | Note
-------+----------+-------------------------------------------
     0 | D:1      | Gynju the Minotaur Fighter began the quest for the Orb.
     0 | D:1      | Reached XP level 1. HP: 19/19 MP: 0/0
    11 | D:1      | Upgraded the game from 0.30-a0-1002-ga41ad49a19 to
                  | 0.30-a0-1050-g2766ea1e55
    42 | D:1      | Found a faded altar of an unknown god.
   180 | D:1      | Reached XP level 2. HP: 27/27 MP: 1/1
   715 | D:1      | Found a blossoming altar of Fedhas.
   752 | D:2      | Reached XP level 3. HP: 32/33 MP: 2/2
   919 | D:2      | Found Qyruseq's Book Emporium.
  1042 | D:2      | Identified the +7 dagger "Tazugokk" {heavy, Int+3}
  1109 | D:2      | Reached XP level 4. HP: 40/40 MP: 3/3
  1250 | D:2      | Identified the +9 dagger "Afuap Dokh" {drain, rN+}
  1609 | D:3      | Slain by a gnoll

Illustrated notes

Levels and vault maps discovered:
D:1:      dpeg_arrival_lava_altar, layout_loops_cross,
          dreamdust_ecumenical_altar_statues, minmay_split_cup_large
D:2:      layout_loops_ring, serial_shops, shop, hangedman_decor_diamond_cutter,
          grunt_decor_resistance, chequers_serial_rivers_room_a,
          minmay_surrounded
D:3:      layout_basic, grunt_decor_cap, guppyfry_early_lair_pool

Skill      XL: |  1  2 |
---------------+-------+-----
Fighting       | 4 |  4.4
Armour         | 4 |  4.4
Shields        | 4 |  4.4
Axes           | 3 |  3.4
Maces & Flails | |  0.2

Action                     |  1- 3 |  4- 6 || total
---------------------------+-------+-------++-------
  Melee: War axe           |    66 |    12 ||    78
         Headbutt          |     6 |     4 ||    10
         Mace              |       |     7 ||     7
         Dagger            |       |     6 ||     6
    Use: Potion            |       |     1 ||     1
 Armour: Scale mail        |    10 |       ||    10
         Leather armour    |    18 |    13 ||    31
  Dodge: Dodged            |    33 |    25 ||    58
  Block: Buckler           |    14 |     6 ||    20

Table legend: (Time is in decaauts)
 A = Elapsed time spent in this place.
 B = Non-inter-level travel time spent in this place.
 C = Inter-level travel time spent in this place.
 D = Time resting spent in this place.
 E = Time spent auto-exploring this place.
 F = Levels seen in this place.
 G = Mean time per level.
                   A        B        C        D        E       F      G
               +--------+--------+--------+--------+--------+-----+--------+
         Total |   1639 |   1546 |     93 |      0 |   1267 |   3 |  546.3 |
       Dungeon |   1639 |   1546 |     93 |      0 |   1267 |   3 |  546.3 |
               +--------+--------+--------+--------+--------+-----+--------+

Top non-repeatable levels by time:
     D:1: 757 daAuts
     D:2: 721 daAuts
     D:3: 160 daAuts
